 Dungeon Crawl Stone Soup version 0.29.0-4-gdea44cf6ec (webtiles) character file.

Game seed: 3692064725538502315

82 qw the Chopper (level 4, 0/26 HPs)
             Began as a Tengu Warper on Aug 28, 2022.
             Slain by an orc priest
             ... wielding a +0 mace
              (2 damage)
             ... on level 3 of the Dungeon.
             The game lasted 00:00:14 (2727 turns).

qw the Chopper (Tengu Warper)                       Turns: 2727, Time: 00:00:15

Health: 0/26       AC:  8    Str: 14    XL:     4   Next: 43%
Magic:  8/8        EV:  6    Int: 13    God:
Gold:   152        SH:  0    Dex: 13    Spells: 7/7 levels left

rFire   . . .      SeeInvis .   Y - +4 hand axe (venom)
rCold   . . .      Faith    .   (no shield)
rNeg    . . .      Spirit   .   o - +0 chain mail
rPois   .          Reflect  .   (helmet restricted)
rElec   .          Harm     .   (no cloak)
rCorr   .          Rampage  .   (no gloves)
Will    .....                   (boots unavailable)
Stlth   ..........              (no amulet)
HPRegen 0.08/turn               (no ring)
MPRegen 0.11/turn               (no ring)

@: no status effects
A: beak, talons 3
a: no special abilities


You were on level 3 of the Dungeon.
You visited 1 branch of the dungeon, and saw 3 of its levels.

You collected 152 gold pieces.


Innate Abilities, Weirdness & Mutations

You have a beak for a mouth.
You have claws for feet.


   Skills:
 - Level 2.0 Fighting
 + Level 5.0 Axes
 - Level 1.0 Throwing
 - Level 1.1 Armour
 - Level 2.1 Dodging
 - Level 2.0 Spellcasting
 - Level 2.4 Translocations


You had 7 spell levels left.
You didn't know any spells.
Your spell library contained the following spells:

 Spells                   Type           Power      Damage    Failure   Level
 Blink                    Tloc           14%        N/A       99%         2
 Gell's Gravitas          Tloc           7%         N/A       100%        3
 Lesser Beckoning         Tloc           7%         N/A       100%        3
 Teleport Other           Tloc           7%         N/A       100%        3
 Manifold Assault         Tloc           7%         N/A       100%        5

Inventory:

Hand Weapons
 a - a +0 flail
 Y - a +4 hand axe of venom (weapon)
Missiles
 n - 5 boomerangs (quivered)
Armour
 o - a +0 chain mail (worn)
Jewellery
 q - a ring of ice
Scrolls
 b - a scroll of summoning {unknown}
 c - a scroll of identify
Potions
 e - a potion of curing
 h - a potion of ambrosia {unknown}
 i - a potion of brilliance {unknown}
 j - a potion of haste {unknown}
 l - a potion of flight {unknown}

Dungeon Overview and Level Annotations

Branches:
Dungeon (3/15)

Altars:


Message History

You are confused.
2721 ||| DRINKING 2 potions of curing.
You feel better.
2721 ||| (to cure confusion)
The dart slug barely misses you.
The orc priest begins to cast a cantrip, but forgets the words!
The orc hits you with a +0 club.
You hit the dart slug.
The dart slug is poisoned.
You peck the dart slug, but do no damage.
The dart slug is severely wounded.
You slash the adder! You barely miss the orc.
You kill the dart slug!
The adder bites you but does no damage. x2; The orc hits you with a +0 club.
You miss the adder. You claw the adder.
You kill the adder!
You hit the orc.
The orc priest calls upon Beogh to heal the orc.
The orc's wounds heal themselves!
The orc barely misses you.
Your Axes skill increases to level 5!
You closely miss the orc. You claw the orc!
You kill the orc!
You miss something.
The orc priest looks braver for a moment.
You hear some strange, mumbled words.
A magic dart appears from out of thin air!
The magic dart hits you!
Found a silvery potion and 2 stones.
The orc priest hits you with a +0 mace.
You hear some strange, mumbled words.
A magic dart appears from out of thin air!
The magic dart hits you but does no damage.
You closely miss the orc priest. You claw the orc priest.
The orc priest is moderately wounded.
You hit something.
The orc priest invokes the aid of Beogh against you.
Pain shoots through your body! Something hits you but does no damage.
You hit the orc priest. You claw the orc priest.
The orc priest is almost dead.
You miss something. The orc priest hits you with a +0 mace.
You die...

...... ....... # .......
.## ....... ..## ....#..
#..### #...#.##...(
#...oo{).#
.###@..##############
!........)..............
#..#####..############..
#...# ####.#
##...#######....#
#...........####
####.....#### ##....#
###. ####....###....


You could see an orc priest and an orc.

Vanquished Creatures
  2 adders
  2 worms (D:2)
  3 dart slugs
  7 orcs
  2 ball pythons
  3 endoplasms
  A giant cockroach (D:2)
  5 goblins
  3 hobgoblins
  4 quokkas
  4 bats
  A frilled lizard (D:2)
  4 kobolds
41 creatures vanquished.

Notes
Turn   | Place    | Note
-------+----------+-------------------------------------------
     0 | D:1      | qw the Tengu Warper began the quest for the Orb.
     0 | D:1      | Reached XP level 1. HP: 12/12 MP: 4/4
     0 | D:1      | 0 ||| qw: Version: 0.1-a-89-g26bdef1
     0 | D:1      | 0 ||| qw: Game counter: 2351
     0 | D:1      | 0 ||| qw: Always use a shield: true
     0 | D:1      | 0 ||| qw: God list: Okawaru
     0 | D:1      | 0 ||| qw: Allow faded altars: false
     0 | D:1      | 0 ||| qw: Do Orc after D:15 true
     0 | D:1      | 0 ||| qw: Do second Lair branch before Depths: true
     0 | D:1      | 0 ||| qw: Lair rune preference: random
     0 | D:1      | 0 ||| qw: Plans: Normal
     0 | D:1      | 0 ||| PLANNING D:1-11
    46 | D:1      | 46 ||| Stepping ~*~*~tactically~*~*~ (hiding).
   356 | D:1      | Reached XP level 2. HP: 17/17 MP: 6/6
   443 | D:1      | Reached skill level 3 in Axes
   595 | D:1      | 595 ||| Stepping ~*~*~tactically~*~*~ (stealth).
   596 | D:1      | 596 ||| Stepping ~*~*~tactically~*~*~ (stealth).
   757 | D:1      | 757 ||| Stepping ~*~*~tactically~*~*~ (hiding).
   879 | D:1      | Reached XP level 3. HP: 19/21 MP: 7/7
  1159 | D:1      | 1159 ||| UPGRADING to +0 ring mail.
  1169 | D:1      | 1169 ||| DROPPING +0 leather armour.
  1170 | D:1      | 1170 ||| READING scroll labelled BERAT JARUV.
  1171 | D:1      | 1171 ||| READING scroll labelled JITIDO KIMIOJ.
  1174 | D:1      | 1174 ||| DROPPING scroll of blinking.
  1344 | D:2      | 1344 ||| Stepping ~*~*~tactically~*~*~ (stealth).
  1346 | D:2      | 1346 ||| Stepping ~*~*~tactically~*~*~ (stealth).
  1390 | D:2      | Reached skill level 4 in Axes
  2020 | D:2      | 2020 ||| UPGRADING to +0 chain mail.
  2030 | D:2      | 2030 ||| DROPPING +0 ring mail.
  2031 | D:2      | 2031 ||| DROPPING amulet of magic regeneration.
  2032 | D:2      | 2032 ||| READING scroll labelled VAYRECIOPA.
  2033 | D:2      | 2033 ||| READING scroll labelled POERCH NUCS.
  2034 | D:2      | 2034 ||| READING 2 scrolls labelled TAESTRI CONO.
  2035 | D:2      | 2035 ||| READING scroll labelled JATIPIR MOI.
  2036 | D:2      | 2036 ||| READING scroll labelled LENYAW OGGU.
  2037 | D:2      | 2037 ||| READING scroll labelled XIOGIL SAARIHY.
  2038 | D:2      | 2038 ||| DRINKING 3 sedimented clear potions.
  2039 | D:2      | 2039 ||| Stepping randomly (stuck).
  2040 | D:2      | 2040 ||| Stepping ~*~*~tactically~*~*~ (cloud).
  2046 | D:2      | HP: 5/21 [poisoned by you (poison gas)]
  2317 | D:3      | 2317 ||| STAIRDANCE
  2368 | D:3      | 2368 ||| STAIRDANCE
  2371 | D:2      | Reached XP level 4. HP: 11/26 MP: 8/8
  2553 | D:3      | 2553 ||| STAIRDANCE
  2614 | D:2      | 2614 ||| DROPPING +0 club.
  2621 | D:3      | 2621 ||| STAIRDANCE
  2681 | D:3      | 2681 ||| READING 3 scrolls of enchant weapon.
  2681 | D:3      | 2681 ||| ENCHANTING +1 hand axe of venom.
  2682 | D:3      | 2682 ||| READING 2 scrolls of enchant weapon.
  2682 | D:3      | 2682 ||| ENCHANTING +2 hand axe of venom.
  2683 | D:3      | 2683 ||| READING scroll of enchant weapon.
  2683 | D:3      | 2683 ||| ENCHANTING +3 hand axe of venom.
  2711 | D:3      | 2711 ||| Stepping ~*~*~tactically~*~*~ (stealth).
  2721 | D:3      | 2721 ||| DRINKING 2 potions of curing.
  2721 | D:3      | 2721 ||| (to cure confusion)
  2724 | D:3      | Reached skill level 5 in Axes
  2726 | D:3      | HP: 2/26 [orc priest/nerve-wracking pain (9)]
  2727 | D:3      | Slain by an orc priest

Levels and vault maps discovered:
D:1:      dpeg_arrival_windows_large_door, layout_loops_ring
D:2:      cheibrodos_helix_gallery, layout_loops_corners,
          minmay_misc_feat_four_crosses
D:3:      layout_rooms, shapermc_ecumenical_altar_flowoftime,
          kennysheep_generic_room_16

Skill      XL: |  1  2  3  4 |
---------------+-------------+-----
Axes           | 3 4 5 |  5.0
Fighting       | |  2.0
Throwing       | |  1.0
Armour         | |  1.1
Dodging        | |  2.1
Spellcasting   | |  2.0
Translocations | |  2.4

Action                   |  1- 3 |  4- 6 || total
-------------------------+-------+-------++-------
Melee: Hand axe          |    74 |    14 ||    88
       Kick              |    18 |     5 ||    23
       Peck              |    10 |     1 ||    11
Throw: Boomerang         |    16 |     2 ||    18
  Use: Scroll            |     8 |     3 ||    11
       Potion            |     1 |     1 ||     2
Armor: Leather armour    |     8 |       ||     8
       Chain mail        |     6 |    12 ||    18
       Ring mail         |     2 |       ||     2
Dodge: Dodged            |    33 |     9 ||    42

Table legend:
 A = Non-vault XP
 B = Vault XP
 C = Vault XP percentage of total XP
 D = Non-vault monster count
 E = Vault monster count
 F = Vault count percentage of total count
                 A         B        C        D         E       F
            +---------+---------+-------+---------+---------+-------
      Total |     116 |       2 |   1.7 |      39 |       2 |   4.9
            +---------+---------+-------+---------+---------+-------
        D:1 |      34 |       0 |   0.0 |      16 |       0 |   0.0
        D:2 |      53 |       2 |   3.6 |      16 |       2 |  11.1
        D:3 |      29 |       0 |   0.0 |       7 |       0 |   0.0
            +---------+---------+-------+---------+---------+-------
